Description

JuggernautJason's build from the linked VOD. Note this was before the 5.x.x.x patch and so this version skips the Cyclone in favor of going directly into a Tech Lab on the Factory.

VOD

https://www.youtube.com/watch?v=7K-Qwo0DCC4

Replay - JuggernautJason's Grandmaster Guide to All-in Protoss

Build Order

Get SALT Encoding   

  14  0:17  Supply Depot  
  15  0:40  Barracks  Reaper first
  16  0:44  Refinery  2 SCVs only
  17  0:53  Refinery  2 SCVs only
  18  1:06  Supply Depot  Complete wall-off of ramp with this depot
  19  1:29  Orbital Command  
  20  1:50  Factory  
  21  2:01  Barracks Reactor  
  23  2:26  Command Center  
  23  2:32  Supply Depot  
  23  2:36  Factory Tech Lab  
  27  3:01  Siege Tank  
  33  3:11  Starport  
  34  3:24  Supply Depot  Move 3 SCVs onto each Refinery
  34  3:30  Action  Scout enemy's tech w/ Reaper
  37  3:40  Refinery  
  38  3:43  Siege Tank  
  38  3:47  Starport Tech Lab  Research Cloak
  43  4:05  Orbital Command  
  46  4:25  Siege Tank  
  52  4:33  Banshee  
  55  4:44  Supply Depot  
Spawning Tool Build Advisor. Get it on Overwolf

Analysis

Move out around 5:00 with 3x Tanks and 1x Banshee, Marines, and 4 SVCs on auto-repair following a Tank.

Set army production rally point to Tank as well.

Build Eng. Bay on move out.

Go to:

Details

  • Created by: qAADVYHY
  • Published on: Jan 25, 2025
  • Modified on: Jan 25, 2025
  • Patch: 5.0.11
  • Difficulty: Easy
Show
View Real Time Build Order
Export as new Build Order

Comments (0)

There are no comments. Be the first!

Create an account to comment!